 Dungeon Crawl Stone Soup version 0.26-a0-707-g31817bcca1 (webtiles) character file.

Game seed: 4564969802256135930

39 lunkers the Skirmisher (level 3, 0/29 HPs)
             Began as a Demonspawn Abyssal Knight on Oct 26, 2020.
             Was a Believer of Lugonu.
             Succumbed to an adder's poison
             ... on level 1 of the Dungeon.
             The game lasted 00:01:08 (957 turns).

lunkers the Skirmisher (Demonspawn Abyssal Knight)   Turns: 957, Time: 00:01:09

Health: 0/29       AC:  4    Str: 12 (13) XL:     3   Next: 26%
Magic:  5/5        EV: 11    Int: 12 (13) God:    Lugonu [**....]
Gold:   52         SH:  0    Dex: 10 (12) Spells: 2/2 levels left

rFire    . . .     SeeInvis .   a - +1 mace
rCold    . . .     Faith    .   (no shield)
rNeg     . . .     Spirit   .   b - +0 leather armour
rPois    .         Reflect  .   (no helmet)
rElec    .         Harm     .   (no cloak)
rCorr    .         Rampage  .   (no gloves)
MR       .....                  h - +0 pair of boots
Stlth    +.........             (no amulet)
HPRegen  0.09/turn              (no ring)
MPRegen  0.09/turn              (no ring)

@: lethally poisoned (0 -> -3)
A: hooves 1
a: Depart the Abyss, Bend Space, Renounce Religion


You were on level 1 of the Dungeon.
You worshipped Lugonu.
Lugonu was pleased with you.
You visited 1 branch of the dungeon, and saw 2 of its levels.
You visited the Abyss 1 time.

You collected 52 gold pieces.

Inventory:

Hand Weapons
 a - a +1 mace (weapon)
Armour
 b - a +0 leather armour (worn)
 h - a +0 pair of boots (worn)
Jewellery
 g - an uncursed ring of ice
Scrolls
 c - a scroll of remove curse {unknown}
 d - a scroll of blinking {unknown}
 e - a scroll of immolation {unknown}


   Skills:
 + Level 3.3 Fighting
 * Level 2.7 Maces & Flails
 - Level 1.7 Armour
 - Level 0.8 Dodging
 + Level 3.2 Invocations


You had 2 spell levels left.
You didn't know any spells.
Your spell library was empty.

Dungeon Overview and Level Annotations

Branches:
Dungeon (2/15)

Altars:


Innate Abilities, Weirdness & Mutations

You have large cloven feet.


Message History

You feel sick. The adder barely misses you.
You hit the adder.
You kill the adder!
Lugonu accepts your kill.
You can now bend space around yourself.
* * * LOW HITPOINT WARNING * * *
You feel sick.
You see here an adder corpse.
It was a potion of degeneration.
There was something very wrong with that liquid.
You feel weakened.
You feel dopey.
You feel clumsy.
Unknown command.
* * * LOW HITPOINT WARNING * * *
You feel sick.
There is a stone staircase leading up here.
You climb upwards.
There is a stone staircase leading down here.
Unknown command.
There is a lethal amount of poison in your body!
Unknown command.
You die...

##.##.....# ###.# ##≈≈≈≈§§
##)####.########[..# #≈≈≈≈≈# ##.#
#.......##.### ##≈≈≈≈§
...####..####.##.# ###≈≈§
####.......##.##.# ####
####.##....##.##.#
..............##.#
.....#........##.### ######
.##..#..##......@..#########.....
.##........##.##>...............#
.#####..#####.##..###..#..##.##.#
........#####.##.###...#..##.##.#
.###.#........##.# #.........##.#
.#.+.#..)####.##.###......#####.#
.#.#≈#...# #.....###.....#####.#
##.#≈#...# ####..........[.....#
##.#≈#...#######.#...##.#.....###


There were no monsters in sight!

Vanquished Creatures
  An adder (D:2)
  A dart slug (D:1)
  4 leopard geckos (D:1)
  3 giant cockroaches (D:1)
  2 goblins (D:1)
  3 hobgoblins (D:1)
  3 kobolds (D:1)
  A bat (D:1)
  A frilled lizard (D:1)
  2 rats (D:1)
21 creatures vanquished.

Notes
Turn   | Place    | Note
-------+----------+-------------------------------------------
     0 | Abyss:1  | lunkers the Demonspawn Abyssal Knight began the quest for
                  | the Orb.
     0 | Abyss:1  | Reached XP level 1. HP: 18/18 MP: 2/2
    21 | D:1      | Escaped the Abyss
   209 | D:1      | Gained mutation: You have large cloven feet. [demonic
                  | ancestry]
   209 | D:1      | Reached XP level 2. HP: 23/24 MP: 4/4
   821 | D:1      | Reached XP level 3. HP: 24/29 MP: 5/5
   950 | D:2      | Reached ** piety under Lugonu
   951 | D:2      | HP: 1/29 [poisoned by an adder]
   957 | D:1      | Succumbed to an adder's poison

Illustrated notes

Levels and vault maps discovered:
D:1:      lightli_molten_gateway, layout_loops_cross, corexii_corridor_pit,
          minmay_pentomino_z2
D:2:      layout_basic, nicolae_ru_awakened_eye, uniq_natasha, uniq_jessica

Skill      XL: |  1  2 |
---------------+-------+-----
Maces & Flails | 2 |  2.7
Invocations    | 3 |  3.2
Fighting       | |  3.3
Armour         | |  1.7
Dodging        | |  0.8

Action                   || total
-------------------------++-------
Melee: Mace              ||    71
       Kick              ||     8
  Use: Potion            ||     1
Armor: Leather armour    ||    18
Dodge: Dodged            ||    54

Table legend: (Time is in decaauts)
 A = Elapsed time spent in this place.
 B = Non-inter-level travel time spent in this place.
 C = Inter-level travel time spent in this place.
 D = Time resting spent in this place.
 E = Time spent auto-exploring this place.
 F = Levels seen in this place.
 G = Mean time per level.
                   A        B        C        D        E       F      G
               +--------+--------+--------+--------+--------+-----+--------+
         Total |    976 |    968 |      8 |      0 |    801 |   3 |  325.3 |
       Dungeon |    955 |    947 |      8 |      0 |    786 |   2 |  477.5 |
         Abyss |     21 |     21 |      0 |      0 |     15 |   1 |   21.0 |
               +--------+--------+--------+--------+--------+-----+--------+

Top non-repeatable levels by time:
     D:1: 930 daAuts
     D:2: 24 daAuts
 Abyss:1: 21 daAuts
